Edmonton Oil Kings vs Adelaide Pink Elephants
Created - Tuesday, September 3, 2024 at 09:36
Goals
|
| Edmonton Oil Kings |
0 |
0 |
2 |
0 |
2 |
| Adelaide Pink Elephants |
0 |
2 |
0 |
1 |
3 |
|
Shots
|
| Edmonton Oil Kings |
8 |
8 |
4 |
0 |
20 |
| Adelaide Pink Elephants |
6 |
6 |
18 |
2 |
32 |
|
1st period
No Goal
Penalties :
Kale Clague (EOK) for Holding (Minor) at 2:22, Cal Clutterbuck (APE) for Hooking (Minor) at 11:44
2nd period
1. Adelaide Pink Elephants , Denis Gurianov 5 (Noah Cates 7) at 2:19 (PP)
2. Adelaide Pink Elephants , Akil Thomas 7 (Fredrik Olofsson 5) at 4:17
Penalties :
Troy Stecher (EOK) for Holding (Minor) at 1:48, Ilya Solovyov (APE) for High sticking (Minor) at 11:21
3rd period
3. Edmonton Oil Kings , Dillon Dube 3 (Filip Zadina 4, Noah Gregor 5) at 1:05
4. Edmonton Oil Kings , Mackenzie Entwistle 3 (Brett Kulak 5, Joey Anderson 4) at 4:03
Penalties :
Troy Stecher (EOK) for Roughing (Double Minor) at 5:04
Overtime #1
5. Adelaide Pink Elephants , Cal Clutterbuck 9 (Caleb Jones 8, Daniel Vladar) at 0:32
Penalties :
No Penalty
Goalie Stats
Jonathan Quick (EOK), 29 saves from 32 shots - (0.906), OTL, 8-2-3, 60:32 minutes
Daniel Vladar (APE), 18 saves from 20 shots - (0.900), W, 3-1-0, 60:32 minutes
Players Stats for Edmonton Oil Kings
Player Name G A P +/- PIM S H SB GA TA FO MP PP MP PK MP
------------------------------------------------------------------------------------
Brett Kulak 0 1 1 1 0 0 1 0 0 1 0/0 22:18 1:59 3:06
Connor McMichael 0 0 0 -1 0 4 2 0 0 0 10/14 20:16 2:10 2:59
Dillon Dube 1 0 1 1 0 3 1 1 0 1 6/11 17:19 1:46 0:00
Ethan Cardwell 0 0 0 0 0 2 0 2 0 1 0/1 15:57 0:00 0:00
Filip Zadina 0 1 1 1 0 1 0 0 0 1 0/1 18:05 1:46 0:40
Jack Quinn 0 0 0 0 0 1 0 1 0 0 0/1 20:16 2:10 2:50
Joey Anderson 0 1 1 1 0 0 0 0 1 0 0/1 15:01 0:02 0:49
Josh Mahura 0 0 0 1 0 0 0 1 0 1 0/0 15:38 0:00 1:03
Kale Clague 0 0 0 1 2 0 0 1 0 0 0/0 16:24 0:00 1:38
Kirill Marchenko 0 0 0 -1 0 6 2 1 0 0 2/6 22:34 2:10 2:50
Luke Hughes 0 0 0 -2 0 1 0 2 0 1 0/0 23:15 1:59 2:59
Mackenzie Entwistle 1 0 1 1 0 1 1 1 0 2 4/7 12:31 0:00 0:00
Noah Gregor 0 1 1 0 0 0 3 1 1 1 0/1 20:19 1:46 2:50
Ryker Evans 0 0 0 1 0 1 1 0 0 1 0/0 21:51 1:59 2:39
Samuel Helenius 0 0 0 -1 0 0 0 0 0 0 2/4 4:46 0:00 0:00
Troy Stecher 0 0 0 -2 6 0 2 0 0 1 0/0 21:34 1:59 1:20
Tyler Angle 0 0 0 0 0 0 1 0 0 0 0/0 5:05 0:02 0:13
Xavier Bourgault 0 0 0 0 0 0 0 0 0 0 0/0 2:27 0:02 0:00
Players Stats for Adelaide Pink Elephants
Player Name G A P +/- PIM S H SB GA TA FO MP PP MP PK MP
------------------------------------------------------------------------------------
Akil Thomas 1 0 1 0 0 5 2 0 1 1 6/9 20:12 2:55 0:00
Ben Gleason 0 0 0 0 0 2 1 0 0 0 0/0 13:23 0:00 0:48
Cal Clutterbuck 1 0 1 0 2 3 1 0 2 0 1/2 22:40 2:50 0:51
Caleb Jones 0 1 1 0 0 1 4 1 0 0 0/0 20:23 3:02 1:52
Colton Dach 0 0 0 -1 0 3 1 0 0 0 0/0 14:38 0:00 0:00
Daemon Hunt 0 0 0 0 0 0 0 1 2 0 0/0 20:23 3:02 1:52
Denis Gurianov 1 0 1 1 0 6 1 1 0 0 0/2 19:46 3:00 1:46
Francesco Pinelli 0 0 0 0 0 0 0 0 0 0 0/0 5:09 0:47 0:30
Fredrik Olofsson 0 1 1 1 0 0 0 0 1 0 5/9 18:57 2:52 1:38
Ilya Solovyov 0 0 0 0 2 2 2 0 0 0 0/0 18:54 3:01 0:54
Nick Cicek 0 0 0 0 0 0 0 0 0 0 0/0 8:59 0:26 0:25
Noah Cates 0 1 1 0 0 3 3 0 0 0 7/17 23:44 3:00 1:52
Robin Salo 0 0 0 0 0 1 0 1 0 0 0/0 13:15 0:26 0:00
Ryan Suzuki 0 0 0 -1 0 4 2 1 3 0 4/7 15:54 0:34 0:00
Sean Farrell 0 0 0 0 0 2 1 0 1 0 0/0 17:31 2:55 0:09
Tristen Robins 0 0 0 -1 0 0 2 0 1 0 0/1 17:24 0:34 1:10
Ville Heinola 0 0 0 0 0 0 0 0 0 0 0/0 7:09 0:00 0:00
William Wallinder 0 0 0 0 0 0 1 0 0 1 0/0 19:47 3:01 2:05
3 Stars
1 - Denis Gurianov (APE)
2 - Akil Thomas (APE)
3 - Dillon Dube (EOK)
Power Play
Edmonton Oil Kings - 0 on 2 Attempt(s) - 0.00%
Adelaide Pink Elephants - 1 on 4 Attempt(s) - 25.00%
Penalty Kill
Edmonton Oil Kings - 3 on 4 Attempt(s) - 75.00%
- Score 0 goal in Penalty Kill
Adelaide Pink Elephants - 2 on 2 Attempt(s) - 100.00%
- Score 0 goal in Penalty Kill
Team Stat
Edmonton Oil Kings - Hits : 14 - Faceoff Wins : 24 - Blocked Shots : 11 - Penalty Minutes : 8
Adelaide Pink Elephants - Hits : 21 - Faceoff Wins : 23 - Blocked Shots : 5 - Penalty Minutes : 4
Official
Referees : Eric Furlatt and Ian Walsh
Linesman : Bevan Mills and Tommy Hughes
Game Notes
No Game Note
Edmonton Oil Kings
5 vs 5 Forward
Center Left Wing Right Wing Time % Phy DF OF
1 Connor McMichael Jack Quinn Kirill Marchenko 30 1 2 2
2 Dillon Dube Filip Zadina Noah Gregor 30 1 2 2
3 Mackenzie Entwistle Ethan Cardwell Joey Anderson 25 1 2 2
4 Samuel Helenius Kirill Marchenko Ethan Cardwell 15 1 2 2
5 vs 5 Defense
Defense Defense Time % Phy DF OF
1 Troy Stecher Luke Hughes 35 1 2 2
2 Brett Kulak Ryker Evans 35 1 2 2
3 Josh Mahura Kale Clague 30 1 2 2
4 Troy Stecher Luke Hughes 0 1 2 2
PowerPlay Forward
Center Left Wing Right Wing Time % Phy DF OF
1 Connor McMichael Jack Quinn Kirill Marchenko 50 1 2 2
2 Dillon Dube Filip Zadina Noah Gregor 50 1 2 2
PowerPlay Defense
Defense Defense Time % Phy DF OF
1 Troy Stecher Luke Hughes 50 1 2 2
2 Brett Kulak Ryker Evans 50 1 2 2
Penalty Kill 4 Players Forward
Center Wing Time % Phy DF OF
1 Kirill Marchenko Jack Quinn 50 1 2 2
2 Connor McMichael Noah Gregor 50 1 2 2
Penalty Kill 4 Players Defense
Defense Defense Time % Phy DF OF
1 Troy Stecher Luke Hughes 50 1 2 2
2 Brett Kulak Ryker Evans 50 1 2 2
Penalty Kill - 3 Players Forward
Forward Time % Phy DF OF
1 Kirill Marchenko 50 1 2 2
2 Jack Quinn 50 1 2 2
Penalty Kill - 3 Players Defense
Defense Defense Time % Phy DF OF
1 Troy Stecher Luke Hughes 50 1 2 2
2 Brett Kulak Ryker Evans 50 1 2 2
4 vs 4 Forward
Center Wing Time % Phy DF OF
1 Kirill Marchenko Jack Quinn 50 1 2 2
2 Connor McMichael Noah Gregor 50 1 2 2
4 vs 4 Defense
Defense Defense Time % Phy DF OF
1 Troy Stecher Luke Hughes 50 1 2 2
2 Brett Kulak Ryker Evans 50 1 2 2
Last Minutes Offensive
Center Left Wing Right Wing Defense Defense
Connor McMichael Jack Quinn Kirill Marchenko Troy Stecher Luke Hughes
Last Minutes Defensive
Center Left Wing Right Wing Defense Defense
Connor McMichael Jack Quinn Kirill Marchenko Troy Stecher Luke Hughes
Goaltenders
Starting : Jonathan Quick
Backup : Karel Vejmelka
Extra Forwards
Normal : Tyler Angle, Xavier Bourgault, Joey Anderson - PP : Tyler Angle, Xavier Bourgault - PK : Joey Anderson
Extra Defensemen
Normal : Josh Mahura, Kale Clague, Brett Kulak - PP : Josh Mahura - PK : Kale Clague, Brett Kulak
Penalty Shots
Kirill Marchenko, Jack Quinn, Connor McMichael, Noah Gregor, Filip Zadina
Scratches
Riley Kidney (Healthy), Pavel Novak (Healthy), Noel Gunler (Healthy), Kasimir Kaskisuo (Healthy)
Adelaide Pink Elephants
5 vs 5 Forward
Center Left Wing Right Wing Time % Phy DF OF
1 Noah Cates Denis Gurianov Cal Clutterbuck 30 1 2 2
2 Fredrik Olofsson Sean Farrell Akil Thomas 30 1 2 2
3 Ryan Suzuki Colton Dach Tristen Robins 25 1 2 2
4 Akil Thomas Cal Clutterbuck Noah Cates 15 1 2 2
5 vs 5 Defense
Defense Defense Time % Phy DF OF
1 Caleb Jones Daemon Hunt 30 1 2 2
2 Ilya Solovyov William Wallinder 30 1 2 2
3 Robin Salo Ben Gleason 25 1 2 2
4 Nick Cicek Ville Heinola 15 1 2 2
PowerPlay Forward
Center Left Wing Right Wing Time % Phy DF OF
1 Noah Cates Denis Gurianov Cal Clutterbuck 50 1 2 2
2 Fredrik Olofsson Sean Farrell Akil Thomas 50 1 2 2
PowerPlay Defense
Defense Defense Time % Phy DF OF
1 Caleb Jones Daemon Hunt 50 1 2 2
2 Ilya Solovyov William Wallinder 50 1 2 2
Penalty Kill 4 Players Forward
Center Wing Time % Phy DF OF
1 Cal Clutterbuck Noah Cates 50 1 2 2
2 Denis Gurianov Fredrik Olofsson 50 1 2 2
Penalty Kill 4 Players Defense
Defense Defense Time % Phy DF OF
1 Caleb Jones Daemon Hunt 50 1 2 2
2 Ilya Solovyov William Wallinder 50 1 2 2
Penalty Kill - 3 Players Forward
Forward Time % Phy DF OF
1 Cal Clutterbuck 50 1 2 2
2 Noah Cates 50 1 2 2
Penalty Kill - 3 Players Defense
Defense Defense Time % Phy DF OF
1 Caleb Jones Daemon Hunt 50 1 2 2
2 Ilya Solovyov William Wallinder 50 1 2 2
4 vs 4 Forward
Center Wing Time % Phy DF OF
1 Cal Clutterbuck Noah Cates 50 1 2 2
2 Denis Gurianov Fredrik Olofsson 50 1 2 2
4 vs 4 Defense
Defense Defense Time % Phy DF OF
1 Caleb Jones Daemon Hunt 50 1 2 2
2 Ilya Solovyov William Wallinder 50 1 2 2
Last Minutes Offensive
Center Left Wing Right Wing Defense Defense
Noah Cates Denis Gurianov Cal Clutterbuck Caleb Jones Daemon Hunt
Last Minutes Defensive
Center Left Wing Right Wing Defense Defense
Noah Cates Denis Gurianov Cal Clutterbuck Caleb Jones Daemon Hunt
Goaltenders
Starting : Daniel Vladar
Backup : Antti Raanta
Extra Forwards
Normal : Francesco Pinelli, Ryan Suzuki, Tristen Robins - PP : Francesco Pinelli, Ryan Suzuki - PK : Tristen Robins
Extra Defensemen
Normal : Robin Salo, Ben Gleason, Nick Cicek - PP : Robin Salo - PK : Ben Gleason, Nick Cicek
Penalty Shots
Cal Clutterbuck, Noah Cates, Denis Gurianov, Fredrik Olofsson, Ryan Suzuki
Scratches
Kyle Masters (Healthy), Brett Harrison (Healthy), Jakub Brabenec (Healthy), Ryder Korczak (Healthy), Philippe Daoust (Healthy)
Matthew Murray (Healthy)
% Time on Ice - Edmonton Oil Kings
Lines # - Real PCT - Wanted PCT - Time Play
Normal Forward
1 - 31% - 30% - 15:13
2 - 34% - 30% - 17:03
3 - 25% - 25% - 12:31
4 - 10% - 15% - 4:46
Normal Defense
1 - 36% - 35% - 17:45
2 - 35% - 35% - 17:13
3 - 29% - 30% - 14:35
4 - 0% - 0% - 0:00
PP Forward
1 - 55% - 50% - 2:12
2 - 45% - 50% - 1:46
PP Defense
1 - 50% - 50% - 1:59
2 - 50% - 50% - 1:59
PK Forward
1 - 48% - 50% - 3:06
2 - 52% - 50% - 3:23
PK Defense
1 - 59% - 50% - 3:50
2 - 41% - 50% - 2:39
PK3 Forward
1 - 0% - 50%
2 - 0% - 50%
PK3 Defense
1 - 0% - 50%
2 - 0% - 50%
44 Forward
1 - 81% - 50% - 0:26
2 - 19% - 50% - 0:06
44 Defense
1 - 100% - 50% - 0:32
2 - 0% - 50% - 0:00
Last Minute Offensive - 0:00
Last Minute Defensive - 0:00
Total
Forward - 60:32
Defense - 60:32
|
% Time on Ice - Adelaide Pink Elephants
Lines # - Real PCT - Wanted PCT - Time Play
Normal Forward
1 - 30% - 30% - 14:51
2 - 33% - 30% - 16:12
3 - 29% - 25% - 14:11
4 - 9% - 15% - 4:19
Normal Defense
1 - 31% - 30% - 15:08
2 - 30% - 30% - 15:00
3 - 25% - 25% - 12:16
4 - 14% - 15% - 7:09
PP Forward
1 - 46% - 50% - 3:00
2 - 54% - 50% - 3:29
PP Defense
1 - 53% - 50% - 3:28
2 - 47% - 50% - 3:01
PK Forward
1 - 57% - 50% - 2:16
2 - 43% - 50% - 1:42
PK Defense
1 - 47% - 50% - 1:52
2 - 53% - 50% - 2:06
PK3 Forward
1 - 0% - 50%
2 - 0% - 50%
PK3 Defense
1 - 0% - 50%
2 - 0% - 50%
44 Forward
1 - 91% - 50% - 0:29
2 - 9% - 50% - 0:03
44 Defense
1 - 100% - 50% - 0:32
2 - 0% - 50% - 0:00
Last Minute Offensive - 0:00
Last Minute Defensive - 0:00
Total
Forward - 60:32
Defense - 60:32
|
Play-by-Play
1st period
0:01 of 1st period - Connor McMichael wins face-off versus Noah Cates in neutral zone.
0:26 of 1st period - Dillon Dube is hit by Caleb Jones and loses puck.
1:07 of 1st period - Snap shot by Kirill Marchenko.
1:07 of 1st period - Stopped by Daniel Vladar without a rebound.
1:08 of 1st period - Akil Thomas wins face-off versus Samuel Helenius in Adelaide Pink Elephants zone.
1:30 of 1st period - Icing by Cal Clutterbuck.
1:31 of 1st period - Akil Thomas wins face-off versus Dillon Dube in Adelaide Pink Elephants zone.
1:31 of 1st period - Akil Thomas is hit by Noah Gregor.
2:07 of 1st period - Snap shot by Denis Gurianov.
2:07 of 1st period - Deflect By Troy Stecher.
2:07 of 1st period - Stopped by Jonathan Quick without a rebound.
2:08 of 1st period - Fredrik Olofsson wins face-off versus Mackenzie Entwistle in Edmonton Oil Kings zone.
2:22 of 1st period - Minor Penalty to Kale Clague for Holding.
2:23 of 1st period - Kirill Marchenko wins face-off versus Noah Cates in Edmonton Oil Kings zone.
4:22 of 1st period - Penalty to Kale Clague is over, Kale Clague is back on ice.
5:25 of 1st period - Icing by Ryker Evans.
5:26 of 1st period - Dillon Dube wins face-off versus Noah Cates in Edmonton Oil Kings zone.
5:26 of 1st period - Dillon Dube is hit by Noah Cates.
6:58 of 1st period - Icing by Denis Gurianov.
6:59 of 1st period - Connor McMichael wins face-off versus Akil Thomas in Adelaide Pink Elephants zone.
7:00 of 1st period - Wrist shot by Kirill Marchenko.
7:00 of 1st period - Shot Misses the Net.
7:06 of 1st period - Slapshot by Sean Farrell.
7:06 of 1st period - Shot Blocked by Jack Quinn.
7:08 of 1st period - Backhand shot by Sean Farrell.
7:08 of 1st period - Stopped by Jonathan Quick with a rebound.
7:20 of 1st period - Snap shot by Joey Anderson.
7:20 of 1st period - Deflect By Ethan Cardwell.
7:20 of 1st period - Stopped by Daniel Vladar with a rebound.
7:38 of 1st period - Slapshot by Filip Zadina.
7:38 of 1st period - Stopped by Daniel Vladar without a rebound.
7:39 of 1st period - Ryan Suzuki wins face-off versus Noah Gregor in Adelaide Pink Elephants zone.
7:49 of 1st period - Snap shot by Filip Zadina.
7:49 of 1st period - Shot Misses the Net.
8:14 of 1st period - Snap shot by Kirill Marchenko.
8:14 of 1st period - Deflect By Connor McMichael.
8:14 of 1st period - Stopped by Daniel Vladar with a rebound.
8:26 of 1st period - Wrist shot by Noah Cates.
8:26 of 1st period - Shot Misses the Net.
8:28 of 1st period - Slapshot by Daemon Hunt.
8:28 of 1st period - Shot Misses the Net.
9:45 of 1st period - Kale Clague is hit by Cal Clutterbuck and loses puck.
10:25 of 1st period - Icing by Cal Clutterbuck.
10:26 of 1st period - Dillon Dube wins face-off versus Noah Cates in Adelaide Pink Elephants zone.
10:49 of 1st period - Wrist shot by Colton Dach.
10:49 of 1st period - Stopped by Jonathan Quick without a rebound.
10:50 of 1st period - Dillon Dube wins face-off versus Ryan Suzuki in Edmonton Oil Kings zone.
10:57 of 1st period - Slapshot by Noah Gregor.
10:57 of 1st period - Shot Blocked by Ryan Suzuki.
11:15 of 1st period - Joey Anderson is hit by Ilya Solovyov and loses puck.
11:24 of 1st period - Wrist shot by Akil Thomas.
11:24 of 1st period - Stopped by Jonathan Quick with a rebound.
11:26 of 1st period - Wrist shot by Sean Farrell.
11:26 of 1st period - Shot Misses the Net.
11:42 of 1st period - Snap shot by Kirill Marchenko.
11:42 of 1st period - Stopped by Daniel Vladar with a rebound.
11:44 of 1st period - Minor Penalty to Cal Clutterbuck for Hooking.
11:45 of 1st period - Connor McMichael wins face-off versus Noah Cates in Adelaide Pink Elephants zone.
11:46 of 1st period - Wrist shot by Jack Quinn.
11:46 of 1st period - Stopped by Daniel Vladar with a rebound.
11:48 of 1st period - Wrist shot by Jack Quinn.
11:48 of 1st period - Deflect By Connor McMichael.
11:48 of 1st period - Stopped by Daniel Vladar with a rebound.
12:10 of 1st period - Noah Cates is hit by Dillon Dube and loses puck.
13:44 of 1st period - Penalty to Cal Clutterbuck is over, Cal Clutterbuck is back on ice.
13:50 of 1st period - Snap shot by Mackenzie Entwistle.
13:50 of 1st period - Deflect By Ethan Cardwell.
13:50 of 1st period - Stopped by Daniel Vladar without a rebound.
13:51 of 1st period - Mackenzie Entwistle wins face-off versus Noah Cates in Adelaide Pink Elephants zone.
14:54 of 1st period - Mackenzie Entwistle is hit by Akil Thomas and loses puck.
15:13 of 1st period - Noah Cates is hit by Noah Gregor and loses puck.
15:26 of 1st period - Backhand shot by Ryan Suzuki.
15:26 of 1st period - Shot Misses the Net.
15:36 of 1st period - Colton Dach is hit by Kirill Marchenko and loses puck.
15:52 of 1st period - Icing by Fredrik Olofsson.
15:53 of 1st period - Connor McMichael wins face-off versus Fredrik Olofsson in Adelaide Pink Elephants zone.
16:56 of 1st period - Snap shot by Ryan Suzuki.
16:56 of 1st period - Stopped by Jonathan Quick without a rebound.
16:57 of 1st period - Ryan Suzuki wins face-off versus Jack Quinn in Edmonton Oil Kings zone.
17:06 of 1st period - Wrist shot by Colton Dach.
17:06 of 1st period - Stopped by Jonathan Quick with a rebound.
18:21 of 1st period - Snap shot by Mackenzie Entwistle.
18:21 of 1st period - Shot Blocked by Caleb Jones.
Goals for this period are 0 for Edmonton Oil Kings vs 0 for Adelaide Pink Elephants.
Shots for this period are 8 for Edmonton Oil Kings vs 6 for Adelaide Pink Elephants.
2nd period
0:01 of 2nd period - Akil Thomas wins face-off versus Connor McMichael in neutral zone.
0:57 of 2nd period - Snap shot by Dillon Dube.
0:57 of 2nd period - Stopped by Daniel Vladar with a rebound.
0:59 of 2nd period - Wrist shot by Dillon Dube.
0:59 of 2nd period - Shot Misses the Net.
1:29 of 2nd period - Mackenzie Entwistle is hit by Tristen Robins and loses puck.
1:48 of 2nd period - Minor Penalty to Troy Stecher for Holding.
1:49 of 2nd period - Connor McMichael wins face-off versus Fredrik Olofsson in Edmonton Oil Kings zone.
1:54 of 2nd period - Snap shot by Noah Gregor.
1:54 of 2nd period - Shot Blocked by Daemon Hunt.
2:13 of 2nd period - Wrist shot by Denis Gurianov.
2:13 of 2nd period - Shot Misses the Net.
2:15 of 2nd period - Snap shot by Cal Clutterbuck.
2:15 of 2nd period - Stopped by Jonathan Quick without a rebound.
2:16 of 2nd period - Noah Cates wins face-off versus Connor McMichael in Edmonton Oil Kings zone.
2:17 of 2nd period - Wrist shot by Denis Gurianov.
2:17 of 2nd period - Stopped by Jonathan Quick with a rebound.
2:19 of 2nd period - Wrist shot by Denis Gurianov.
2:19 of 2nd period - Goal by Denis Gurianov - Edmonton Oil Kings : 0 - Adelaide Pink Elephants : 1.
2:20 of 2nd period - Noah Cates wins face-off versus Samuel Helenius in neutral zone.
2:23 of 2nd period - Snap shot by Kirill Marchenko.
2:23 of 2nd period - Stopped by Daniel Vladar with a rebound.
2:25 of 2nd period - Wrist shot by Kirill Marchenko.
2:25 of 2nd period - Shot Misses the Net.
2:27 of 2nd period - Backhand shot by Ryker Evans.
2:27 of 2nd period - Stopped by Daniel Vladar with a rebound.
2:29 of 2nd period - Snap shot by Kirill Marchenko.
2:29 of 2nd period - Stopped by Daniel Vladar without a rebound.
2:30 of 2nd period - Samuel Helenius wins face-off versus Noah Cates in Adelaide Pink Elephants zone.
2:39 of 2nd period - Wrist shot by Kirill Marchenko.
2:39 of 2nd period - Stopped by Daniel Vladar without a rebound.
2:40 of 2nd period - Fredrik Olofsson wins face-off versus Kirill Marchenko in Adelaide Pink Elephants zone.
2:51 of 2nd period - Slapshot by Kirill Marchenko.
2:51 of 2nd period - Shot Misses the Net.
2:53 of 2nd period - Wrist shot by Connor McMichael.
2:53 of 2nd period - Stopped by Daniel Vladar with a rebound.
2:55 of 2nd period - Snap shot by Connor McMichael.
2:55 of 2nd period - Stopped by Daniel Vladar with a rebound.
3:11 of 2nd period - Fredrik Olofsson is hit by Mackenzie Entwistle and loses puck.
3:35 of 2nd period - Wrist shot by Dillon Dube.
3:35 of 2nd period - Stopped by Daniel Vladar without a rebound.
3:36 of 2nd period - Connor McMichael wins face-off versus Denis Gurianov in Adelaide Pink Elephants zone.
3:43 of 2nd period - Denis Gurianov is hit by Kirill Marchenko.
4:11 of 2nd period - Slapshot by Ryan Suzuki.
4:11 of 2nd period - Stopped by Jonathan Quick without a rebound.
4:12 of 2nd period - Fredrik Olofsson wins face-off versus Kirill Marchenko in Edmonton Oil Kings zone.
4:17 of 2nd period - Slapshot by Akil Thomas.
4:17 of 2nd period - Goal by Akil Thomas - Edmonton Oil Kings : 0 - Adelaide Pink Elephants : 2.
4:18 of 2nd period - Samuel Helenius wins face-off versus Akil Thomas in neutral zone.
4:31 of 2nd period - Snap shot by Cal Clutterbuck.
4:31 of 2nd period - Shot Blocked by Ethan Cardwell.
4:33 of 2nd period - Wrist shot by Cal Clutterbuck.
4:33 of 2nd period - Shot Blocked by Josh Mahura.
4:47 of 2nd period - Slapshot by Ryan Suzuki.
4:47 of 2nd period - Shot Misses the Net.
4:51 of 2nd period - Slapshot by Tristen Robins.
4:51 of 2nd period - Shot Blocked by Noah Gregor.
4:53 of 2nd period - Wrist shot by Ryan Suzuki.
4:53 of 2nd period - Shot Blocked by Dillon Dube.
5:07 of 2nd period - Connor McMichael is hit by Sean Farrell.
5:47 of 2nd period - Luke Hughes is hit by Ryan Suzuki and loses puck.
5:58 of 2nd period - Akil Thomas is hit by Troy Stecher and loses puck.
9:29 of 2nd period - Slapshot by Luke Hughes.
9:29 of 2nd period - Shot Blocked by Denis Gurianov.
10:05 of 2nd period - Sean Farrell is hit by Connor McMichael and loses puck.
10:48 of 2nd period - Icing by Akil Thomas.
10:49 of 2nd period - Akil Thomas wins face-off versus Connor McMichael in Adelaide Pink Elephants zone.
11:01 of 2nd period - Off-side.
11:02 of 2nd period - Mackenzie Entwistle wins face-off versus Noah Cates in neutral zone.
11:21 of 2nd period - Minor Penalty to Ilya Solovyov for High sticking.
11:22 of 2nd period - Dillon Dube wins face-off versus Denis Gurianov in Adelaide Pink Elephants zone.
13:21 of 2nd period - Penalty to Ilya Solovyov is over, Ilya Solovyov is back on ice.
13:31 of 2nd period - Slapshot by Denis Gurianov.
13:31 of 2nd period - Stopped by Jonathan Quick with a rebound.
14:03 of 2nd period - Kale Clague is hit by Noah Cates and loses puck.
15:27 of 2nd period - Ben Gleason is hit by Ryker Evans and loses puck.
15:40 of 2nd period - Robin Salo is hit by Troy Stecher and loses puck.
16:57 of 2nd period - Akil Thomas is hit by Brett Kulak and loses puck.
17:08 of 2nd period - Akil Thomas is hit by Tyler Angle and loses puck.
19:31 of 2nd period - Connor McMichael is hit by Caleb Jones and loses puck.
Goals for this period are 0 for Edmonton Oil Kings vs 2 for Adelaide Pink Elephants.
Shots for this period are 8 for Edmonton Oil Kings vs 6 for Adelaide Pink Elephants.
3rd period
0:01 of 3rd period - Akil Thomas wins face-off versus Kirill Marchenko in neutral zone.
0:10 of 3rd period - Slapshot by Noah Cates.
0:10 of 3rd period - Stopped by Jonathan Quick with a rebound.
0:15 of 3rd period - Off-side.
0:16 of 3rd period - Fredrik Olofsson wins face-off versus Dillon Dube in neutral zone.
1:05 of 3rd period - Wrist shot by Dillon Dube.
1:05 of 3rd period - Goal by Dillon Dube - Edmonton Oil Kings : 1 - Adelaide Pink Elephants : 2.
1:06 of 3rd period - Noah Cates wins face-off versus Connor McMichael in neutral zone.
1:14 of 3rd period - Wrist shot by Akil Thomas.
1:14 of 3rd period - Stopped by Jonathan Quick with a rebound.
1:16 of 3rd period - Slapshot by Ilya Solovyov.
1:16 of 3rd period - Stopped by Jonathan Quick with a rebound.
1:18 of 3rd period - Snap shot by Ilya Solovyov.
1:18 of 3rd period - Deflect By Jack Quinn.
1:18 of 3rd period - Stopped by Jonathan Quick with a rebound.
1:20 of 3rd period - Backhand shot by Akil Thomas.
1:20 of 3rd period - Stopped by Jonathan Quick with a rebound.
1:22 of 3rd period - Slapshot by William Wallinder.
1:22 of 3rd period - Deflect By Akil Thomas.
1:22 of 3rd period - Shot Blocked by Kirill Marchenko.
1:22 of 3rd period - Puck is out of play.
1:23 of 3rd period - Dillon Dube wins face-off versus Ryan Suzuki in Edmonton Oil Kings zone.
1:23 of 3rd period - Dillon Dube is hit by Colton Dach.
1:31 of 3rd period - Snap shot by Dillon Dube.
1:31 of 3rd period - Shot Blocked by Robin Salo.
1:49 of 3rd period - Connor McMichael is hit by Ben Gleason and loses puck.
1:58 of 3rd period - Wrist shot by Denis Gurianov.
1:58 of 3rd period - Stopped by Jonathan Quick without a rebound.
1:59 of 3rd period - Akil Thomas wins face-off versus Mackenzie Entwistle in Edmonton Oil Kings zone.
2:02 of 3rd period - Slapshot by Cal Clutterbuck.
2:02 of 3rd period - Stopped by Jonathan Quick with a rebound.
2:04 of 3rd period - Slapshot by Ilya Solovyov.
2:04 of 3rd period - Shot Blocked by Mackenzie Entwistle.
2:26 of 3rd period - Luke Hughes is hit by William Wallinder and loses puck.
2:31 of 3rd period - Snap shot by Ryan Suzuki.
2:31 of 3rd period - Shot Misses the Net.
2:33 of 3rd period - Slapshot by Colton Dach.
2:33 of 3rd period - Stopped by Jonathan Quick without a rebound.
2:34 of 3rd period - Ryan Suzuki wins face-off versus Dillon Dube in Edmonton Oil Kings zone.
2:39 of 3rd period - Snap shot by Ryan Suzuki.
2:39 of 3rd period - Stopped by Jonathan Quick with a rebound.
2:41 of 3rd period - Snap shot by Ryan Suzuki.
2:41 of 3rd period - Shot Blocked by Kale Clague.
2:59 of 3rd period - Samuel Helenius is hit by Caleb Jones and loses puck.
3:26 of 3rd period - Wrist shot by Sean Farrell.
3:26 of 3rd period - Shot Misses the Net.
3:28 of 3rd period - Wrist shot by Ilya Solovyov.
3:28 of 3rd period - Deflect By Fredrik Olofsson.
3:28 of 3rd period - Shot Misses the Net.
3:28 of 3rd period - Puck is out of play.
3:29 of 3rd period - Dillon Dube wins face-off versus Noah Cates in Edmonton Oil Kings zone.
3:29 of 3rd period - Dillon Dube is hit by Ilya Solovyov.
4:01 of 3rd period - Snap shot by Brett Kulak.
4:01 of 3rd period - Shot Misses the Net.
4:03 of 3rd period - Wrist shot by Mackenzie Entwistle.
4:03 of 3rd period - Goal by Mackenzie Entwistle - Edmonton Oil Kings : 2 - Adelaide Pink Elephants : 2.
4:04 of 3rd period - Connor McMichael wins face-off versus Akil Thomas in neutral zone.
4:17 of 3rd period - Snap shot by Caleb Jones.
4:17 of 3rd period - Stopped by Jonathan Quick with a rebound.
4:19 of 3rd period - Snap shot by Noah Cates.
4:19 of 3rd period - Stopped by Jonathan Quick without a rebound.
4:20 of 3rd period - Fredrik Olofsson wins face-off versus Dillon Dube in Edmonton Oil Kings zone.
4:21 of 3rd period - Slapshot by Akil Thomas.
4:21 of 3rd period - Stopped by Jonathan Quick with a rebound.
5:04 of 3rd period - Double Minor Penalty to Troy Stecher for Roughing.
5:05 of 3rd period - Connor McMichael wins face-off versus Fredrik Olofsson in Edmonton Oil Kings zone.
5:30 of 3rd period - Ilya Solovyov is hit by Connor McMichael and loses puck.
6:53 of 3rd period - Connor McMichael is hit by Caleb Jones and loses puck.
7:20 of 3rd period - Filip Zadina is hit by Ryan Suzuki and loses puck.
7:25 of 3rd period - Snap shot by Francesco Pinelli.
7:25 of 3rd period - Shot Misses the Net.
7:27 of 3rd period - Snap shot by Tristen Robins.
7:27 of 3rd period - Shot Misses the Net.
8:13 of 3rd period - Icing by William Wallinder.
8:14 of 3rd period - Noah Cates wins face-off versus Filip Zadina in Adelaide Pink Elephants zone.
8:59 of 3rd period - Noah Cates is hit by Noah Gregor and loses puck.
9:04 of 3rd period - Penalty to Troy Stecher is over, Troy Stecher is back on ice.
9:14 of 3rd period - Slapshot by Luke Hughes.
9:14 of 3rd period - Deflect By Colton Dach.
9:14 of 3rd period - Stopped by Daniel Vladar without a rebound.
9:15 of 3rd period - Mackenzie Entwistle wins face-off versus Ryan Suzuki in Adelaide Pink Elephants zone.
9:21 of 3rd period - Icing by Ryan Suzuki.
9:22 of 3rd period - Mackenzie Entwistle wins face-off versus Tristen Robins in Adelaide Pink Elephants zone.
9:23 of 3rd period - Snap shot by Luke Hughes.
9:23 of 3rd period - Deflect By Mackenzie Entwistle.
9:23 of 3rd period - Shot Misses the Net.
9:23 of 3rd period - Puck is out of play.
9:24 of 3rd period - Ryan Suzuki wins face-off versus Mackenzie Entwistle in Adelaide Pink Elephants zone.
9:34 of 3rd period - Snap shot by Colton Dach.
9:34 of 3rd period - Deflect By Ryan Suzuki.
9:34 of 3rd period - Stopped by Jonathan Quick with a rebound.
9:36 of 3rd period - Slapshot by Ben Gleason.
9:36 of 3rd period - Stopped by Jonathan Quick with a rebound.
9:38 of 3rd period - Snap shot by Ryan Suzuki.
9:38 of 3rd period - Shot Blocked by Luke Hughes.
9:40 of 3rd period - Backhand shot by Colton Dach.
9:40 of 3rd period - Shot Misses the Net.
9:42 of 3rd period - Snap shot by Tristen Robins.
9:42 of 3rd period - Shot Blocked by Luke Hughes.
9:44 of 3rd period - Slapshot by Robin Salo.
9:44 of 3rd period - Stopped by Jonathan Quick with a rebound.
9:46 of 3rd period - Snap shot by Ben Gleason.
9:46 of 3rd period - Stopped by Jonathan Quick without a rebound.
9:47 of 3rd period - Connor McMichael wins face-off versus Noah Cates in Edmonton Oil Kings zone.
9:47 of 3rd period - Brett Kulak is hit by Denis Gurianov and loses puck.
9:52 of 3rd period - Snap shot by Noah Cates.
9:52 of 3rd period - Shot Misses the Net.
10:22 of 3rd period - Slapshot by Sean Farrell.
10:22 of 3rd period - Stopped by Jonathan Quick without a rebound.
10:23 of 3rd period - Noah Cates wins face-off versus Joey Anderson in Edmonton Oil Kings zone.
10:24 of 3rd period - Wrist shot by Cal Clutterbuck.
10:24 of 3rd period - Deflect By Noah Cates.
10:24 of 3rd period - Shot Misses the Net.
10:24 of 3rd period - Puck is out of play.
10:25 of 3rd period - Noah Cates wins face-off versus Ethan Cardwell in Edmonton Oil Kings zone.
10:34 of 3rd period - Snap shot by Noah Cates.
10:34 of 3rd period - Shot Blocked by Ethan Cardwell.
10:36 of 3rd period - Wrist shot by Denis Gurianov.
10:36 of 3rd period - Shot Hit the Post.
10:38 of 3rd period - Wrist shot by Denis Gurianov.
10:38 of 3rd period - Stopped by Jonathan Quick without a rebound.
10:39 of 3rd period - Connor McMichael wins face-off versus Fredrik Olofsson in Edmonton Oil Kings zone.
10:54 of 3rd period - Snap shot by Fredrik Olofsson.
10:54 of 3rd period - Shot Misses the Net.
12:34 of 3rd period - Connor McMichael is hit by Noah Cates.
14:42 of 3rd period - Icing by Dillon Dube.
14:43 of 3rd period - Noah Cates wins face-off versus Dillon Dube in Edmonton Oil Kings zone.
15:30 of 3rd period - Slapshot by Cal Clutterbuck.
15:30 of 3rd period - Shot Misses the Net.
16:07 of 3rd period - Wrist shot by Kirill Marchenko.
16:07 of 3rd period - Stopped by Daniel Vladar with a rebound.
16:25 of 3rd period - Jack Quinn is hit by Akil Thomas and loses puck.
19:40 of 3rd period - Troy Stecher is hit by Tristen Robins.
19:59 of 3rd period - Icing by Sean Farrell.
Goals for this period are 2 for Edmonton Oil Kings vs 0 for Adelaide Pink Elephants.
Shots for this period are 4 for Edmonton Oil Kings vs 18 for Adelaide Pink Elephants.
Overtime #1
0:01 of 1st overtime period - Kirill Marchenko wins face-off versus Cal Clutterbuck in neutral zone.
0:04 of 1st overtime period - Snap shot by Luke Hughes.
0:04 of 1st overtime period - Shot Misses the Net.
0:06 of 1st overtime period - Slapshot by Luke Hughes.
0:06 of 1st overtime period - Deflect By Jack Quinn.
0:06 of 1st overtime period - Shot Misses the Net.
0:06 of 1st overtime period - Puck is out of play.
0:07 of 1st overtime period - Cal Clutterbuck wins face-off versus Kirill Marchenko in Adelaide Pink Elephants zone.
0:14 of 1st overtime period - Snap shot by Noah Cates.
0:14 of 1st overtime period - Stopped by Jonathan Quick with a rebound.
0:32 of 1st overtime period - Wrist shot by Cal Clutterbuck.
0:32 of 1st overtime period - Goal by Cal Clutterbuck - Edmonton Oil Kings : 2 - Adelaide Pink Elephants : 3.
Goals for this period are 0 for Edmonton Oil Kings vs 1 for Adelaide Pink Elephants.
Shots for this period are 0 for Edmonton Oil Kings vs 2 for Adelaide Pink Elephants.
Back to the Top